 Dungeon Crawl Stone Soup version 0.30.1-11-g7821555f0a (webtiles) character file.

Game seed: 17990671546121780560

6818 bmack86 the Severer (level 10, 0/77 HPs)
             Began as a Minotaur Fighter on Nov 4, 2023.
             Was a Priest of Okawaru.
             Slain by a boulder beetle (40 damage)
             ... on level 9 of the Dungeon.
             The game lasted 00:18:56 (8809 turns).

bmack86 the Severer (Minotaur Fighter)              Turns: 8809, Time: 00:18:56

Health: 0/77       AC: 15    Str: 26    XL:     10   Next: 77%
Magic:  11/13      EV: 10    Int:  5    God:    Okawaru [***...]
Gold:   621        SH:  7    Dex:  9    Spells: 9/9 levels left

rFire   . . .        a - +1 war axe
rCold   . . .        c - +1 buckler
rNeg    . . .        x - +4 chain mail
rPois   .            (helmet restricted)
rElec   .            (no cloak)
rCorr   .            (no gloves)
SInv    .            (no boots)
Will    +....        e - amulet of the acrobat Stlth
                     t - ring of willpower
HPRegen 0.32/turn    i - ring of flight
MPRegen 0.13/turn

%: acrobat
@: heroic, flying
A: horns 2, retaliatory headbutt
a: Renounce Religion, Heroism


You were on level 9 of the Dungeon.
You worshipped Okawaru.
Okawaru was most pleased with you.
You visited 2 branches of the dungeon, and saw 10 of its levels.

You collected 621 gold pieces.

Inventory:

Hand Weapons
 a - a +1 war axe (weapon)
Missiles
 g - a throwing net
 B - a boomerang
 D - a curare-tipped dart
Armour
 b - a +0 scale mail
 c - a +1 buckler (worn)
 l - a +0 chain mail
 x - a +4 chain mail (worn)
 C - a +0 plate armour
Jewellery
 e - an amulet of the acrobat (around neck)
 i - a ring of flight (right hand)
 q - a ring of wizardry
 t - a ring of willpower (left hand)
 y - an amulet of magic regeneration
 E - a +6 ring of intelligence
Wands
 o - a wand of digging (6)
 v - a wand of polymorph (21) (quivered)
 w - a wand of paralysis (5)
Scrolls
 k - 3 scrolls of amnesia
 n - a scroll of fog
 s - a scroll of identify
 A - 2 scrolls of teleportation
 H - a scroll of fear {unknown}
 I - a scroll of blinking {unknown}
Potions
 d - 3 potions of might
 f - 5 potions of curing
 h - 2 potions of invisibility
 j - a potion of lignification
 m - a potion of mutation
 p - 2 potions of ambrosia
 r - a potion of brilliance
 u - a potion of flight
 F - 3 potions of heal wounds
 G - 2 potions of haste


   Skills:
 - Level 3.6(8.6) Fighting
 * Level 17.5(22.5) Axes
 - Level 3.6(8.6) Armour
 - Level 5.0(10.0) Shields
 + Level 6.2 Invocations


You had 9 spell levels left.
You didn't know any spells.
Your spell library contained the following spells:

 Spells                   Type           Power      Damage    Failure   Level
 Poisonous Vapours        Pois/Air       0%         N/A       98%         2
 Sublimation of Blood     Necr           0%         N/A       98%         2
 Wereblood                Tmut           0%         N/A       98%         2
 Mephitic Cloud           Conj/Pois/Air  0%         N/A       100%        3
 Freezing Cloud           Conj/Ice/Air   0%         6-21      100%        5
 Summon Hydra             Summ           Unusable   N/A       N/A         7

Dungeon Overview and Level Annotations

Branches:
Dungeon (9/15)             Temple (1/1) D:6            Lair (0/5) D:9
    Orc: D:9-12

Altars:
Ashenzari
Cheibriados
Dithmenos
Elyvilon
Fedhas
Gozag
Hepliaklqana
Kikubaaqudgha
Makhleb
Nemelex Xobeh
Okawaru
Ru
Sif Muna
Trog
Uskayaw
Vehumet
Wu Jian
Xom
Yredelemnul
Zin
The Shining One

Shops:
D:1 *   D:8 *

Annotations:
D:5 3 runed translucent doors, lonewolfV2's ghost, novice MiFi
D:8 2 transporters, AppTheSpectato's ghost, novice MiHu


Innate Abilities, Weirdness & Mutations

You have a pair of horns on your head.
You reflexively headbutt those who attack you in melee.


Message History

The ice beast hits you but does no damage.
The boulder beetle hits you but does no damage.
The boulder beetle stops rolling and uncurls.
You block the ice beast's attack. You block the wolf's attack.
Unknown command.
You gain the combat prowess of a mighty hero.
The wolf misses you. The boulder beetle bites you!
The ice beast barely misses you. You furiously retaliate!
You headbutt the ice beast. The wolf bites you but does no damage.
You hit the boulder beetle. You headbutt the boulder beetle!
The boulder beetle is moderately wounded.
You hit the ice beast. You closely miss the wolf. The wolf closely misses you.
The boulder beetle bites you but does no damage.
The ice beast closely misses you. You furiously retaliate!
You headbutt the ice beast! You slice the boulder beetle!!
You headbutt the boulder beetle.
The boulder beetle is heavily wounded.
You closely miss the ice beast. You slash the wolf! The wolf bites you.
The boulder beetle leaps!
The ice beast completely misses you. You furiously retaliate!
You headbutt the ice beast.
Unknown command.
The wolf attacks as you move away! The wolf bites you!
The wolf completely misses you.
The boulder beetle curls into a ball and begins rolling!
The ice beast closely misses you.
You slice the wolf!!
You kill the wolf!
Okawaru accepts your kill.
You barely miss the ice beast.
Unknown command.
Unknown command.
The ice beast hits you but does no damage.
You hit the boulder beetle but do no damage.
The boulder beetle is heavily wounded.
You slash the ice beast!
You kill the ice beast!
Okawaru accepts your kill. The boulder beetle hits you!!!
Ouch! That really hurt!
You die...

..........####..# ###.
...~~#~.....##..# #...
...........##..# #....
#...#.#....#..# .~....
#....#.....#[.###
......###...###.#..)†....
...(#..#.....#......#....
..........>.....#...#....
........@B°..#..#...#####
....#.#.#..°#.#......# .
....#.#.###.....#.#
.......#...#.#....#.#
.#...................#
##........#......#..#
###............##..# .#~
.....#


You could see a boulder beetle (rolling).

Vanquished Creatures
  A two-headed ogre (D:8)
  Pikel (D:6)
  A rime drake (D:9)
  A queen bee (D:8)
  Sigmund (D:3)
  6 yaks (D:8)
  Eustachio (D:6)
  A water moccasin (D:6)
  Duvessa (D:6)
  3 orc warriors (D:8)
  2 sky beasts
  A black bear (D:5)
  6 ice beasts
  5 wolves
  2 ogres (D:5)
  A centaur (D:8)
  4 phantoms
  2 lemures (D:6)
  4 kobold brigands
  A bullfrog (D:4)
  2 scorpions
  6 wights
  Dowan (D:6)
  4 killer bees
  A howler monkey (D:5)
  7 orc priests
  3 hounds
  A gnoll bouda (D:8)
  Jessica (D:3)
  9 orc wizards
  3 sleepcaps
  7 gnolls
  9 adders
  A shadow imp (D:5)
  2 white imps
  An ufetubus (D:5)
  3 worms (D:2)
  A dart slug (D:1)
  37 orcs
  11 ball pythons
  2 bats
  9 endoplasms
  A giant cockroach (D:3)
  3 goblins
  6 hobgoblins
  6 jackals
  24 kobolds
  3 quokkas
  4 frilled lizards
  5 rats (D:1)
218 creatures vanquished.

Notes
Turn   | Place    | Note
-------+----------+-------------------------------------------
     0 | D:1      | bmack86 the Minotaur Fighter began the quest for the Orb.
     0 | D:1      | Reached XP level 1. HP: 19/19 MP: 0/0
    57 | D:1      | Reached XP level 2. HP: 21/26 MP: 1/1
   242 | D:1      | Reached skill level 3 in Axes
   444 | D:1      | Reached XP level 3. HP: 31/31 MP: 2/2
   465 | D:1      | Found Xarit's General Store.
   890 | D:2      | Reached skill level 5 in Shields
  1071 | D:2      | Found a sacrificial altar of Ru.
  1261 | D:2      | Reached skill level 4 in Axes
  1261 | D:2      | Reached XP level 4. HP: 39/39 MP: 3/3
  1777 | D:3      | Noticed Jessica
  1780 | D:3      | Killed Jessica
  1781 | D:3      | Reached skill level 5 in Axes
  1919 | D:3      | Reached XP level 5. HP: 33/45 MP: 4/4
  2230 | D:3      | Identified the +1 war axe "Earthworm" {flame, *Slow rElec
                  | rPois rC+}
  2439 | D:3      | Noticed Sigmund
  2449 | D:3      | Killed Sigmund
  2450 | D:3      | Reached skill level 7 in Axes
  2450 | D:3      | Reached XP level 6. HP: 40/51 MP: 5/5
  2828 | D:4      | Reached skill level 8 in Axes
  3164 | D:4      | Reached XP level 7. HP: 16/57 MP: 6/6
  3493 | D:5      | Entered Level 5 of the Dungeon
  3518 | D:5      | Reached skill level 9 in Axes
  3654 | D:5      | Reached skill level 10 in Axes
  3690 | D:5      | Found a runed translucent gate.
  3697 | D:5      | Found a runed translucent gate.
  3698 | D:5      | Found a runed translucent gate.
  3701 | D:5      | Noticed lonewolfV2's ghost (novice MiFi)
  4065 | D:5      | Reached skill level 11 in Axes
  4065 | D:5      | Reached XP level 8. HP: 62/64 MP: 7/7
  4748 | D:6      | Reached skill level 12 in Axes
  4881 | D:6      | Noticed Pikel
  4890 | D:6      | Killed Pikel
  4891 | D:6      | Reached skill level 13 in Axes
  4891 | D:6      | Reached XP level 9. HP: 56/70 MP: 8/8
  5017 | D:6      | Noticed Eustachio
  5031 | D:6      | Killed Eustachio
  5032 | D:6      | Reached skill level 14 in Axes
  5276 | D:6      | Found a staircase to the Ecumenical Temple.
  5288 | Temple   | Entered the Ecumenical Temple
  5432 | Temple   | Became a worshipper of Warmaster Okawaru
  5529 | D:6      | Noticed Duvessa
  5529 | D:6      | Noticed Dowan
  5540 | D:6      | Killed Duvessa
  5551 | D:6      | Killed Dowan
  5552 | D:6      | Reached skill level 1 in Invocations
  6423 | D:7      | Identified the +8 dagger of the Hammering Augurer {freeze,
                  | rElec rF- Str+2 Int+6}
  6440 | D:7      | Reached skill level 15 in Axes
  6852 | D:7      | Reached * piety under Okawaru
  6898 | D:8      | Found Zin's Purification Station.
  6920 | D:8      | Found a glowing silver altar of Zin.
  7090 | D:8      | Noticed a manticore
  7092 | D:8      | a manticore changed into a queen bee
  7092 | D:8      | Noticed a queen bee
  7101 | D:8      | Killed a queen bee
  7408 | D:8      | Reached XP level 10. HP: 47/75 MP: 10/12
  7572 | D:8      | Reached ** piety under Okawaru
  7573 | D:8      | Reached skill level 16 in Axes
  7976 | D:8      | Found a transporter.
  7977 | D:8      | Noticed AppTheSpectato's ghost (novice MiHu)
  7977 | D:8      | Identified the +1 great mace of Blood-Lust {speed, rF+
                  | Int+8}
  7977 | D:8      | Noticed a two-headed ogre
  7978 | D:8      | Found a transporter.
  8271 | D:9      | Reached skill level 5 in Invocations
  8524 | D:9      | Reached *** piety under Okawaru
  8524 | D:9      | Noticed a two-headed ogre
  8535 | D:8      | Reached skill level 17 in Axes
  8634 | D:8      | Killed a two-headed ogre
  8790 | D:9      | Found a staircase to the Lair.
  8798 | D:9      | Noticed a boulder beetle
  8809 | D:9      | Slain by a boulder beetle

Illustrated notes

Levels and vault maps discovered:
D:1:      heliophobic_arrival_enchanted_forest, layout_loops_cross,
          serial_shops, nicolae_shop_window_shopping
D:2:      minmay_skewed_foursquare, layout_basic, basic_altar
D:3:      layout_basic, kennysheep_small_spiral, uniq_sigmund, uniq_jessica
D:4:      layout_cave_pools
D:5:      layout_gridville, gammafunk_ghost_necromancy
D:6:      layout_basic, minmay_temple_entry_offerings, uniq_eustachio,
          uniq_pikel, uniq_duvessa
D:7:      layout_basic
D:8:      layout_loops_ring, zin_purify, gammafunk_ghost_smash
D:9:      layout_long_grid, mainiacjoe_overflow_24_doors,
          hellmonk_lair_entry_icy, chequers_serial_rivers_large_a
Temple:   nicolae_temple_slightly_damp_pantheon

Skill      XL: |  1  2  3  4  5  6  7  8  9 10 |
---------------+-------------------------------+-----
Shields        | 4 5 |  5.0
Axes           | 3 4 5 7 8 11 13 15 17 | 17.5
Invocations    | 4 6 |  6.2
Fighting       | |  3.6
Armour         | |  3.6

Action                     |  1- 3 |  4- 6 |  7- 9 | 10-12 || total
---------------------------+-------+-------+-------+-------++-------
  Melee: War axe           |    62 |    78 |   292 |   110 ||   542
         Headbutt          |     7 |    10 |    47 |    19 ||    83
  Throw: Throwing net      |     1 |       |       |       ||     1
 Invoke: Heroism           |       |       |       |     1 ||     1
  Evoke: Wand              |       |       |     1 |       ||     1
    Use: Scroll            |       |     4 |    11 |     2 ||    17
 Armour: Scale mail        |    26 |       |       |       ||    26
         Chain mail        |       |    34 |   127 |    54 ||   215
  Dodge: Dodged            |    29 |    47 |   136 |    79 ||   291
  Block: Buckler           |    18 |    21 |    66 |    35 ||   140
